 Dungeon Crawl Stone Soup version 0.29-a0-1027-gcd8c55af63 (console) character file.

Game seed: 14476355327900882788

221290 jejorda2 the Bludgeoner (level 18, -31/156 HPs)
             Began as a Palentonga Berserker on Aug 12, 2022.
             Was a High Priest of Trog.
             Killed from afar by a storm dragon (38 damage)
             ... with a bolt of lightning
             ... on level 4 of the Shoals.
             The game lasted 02:28:42 (35233 turns).

jejorda2 the Bludgeoner (Palentonga Berserker)     Turns: 35233, Time: 02:28:43

Health: -31/156    AC: 35    Str: 29    XL:     18   Next: 50%
Magic:  18/18      EV:  9    Int:  7    God:    Trog [*****.]
Gold:   1117       SH: 16    Dex: 12    Spells: 17/17 levels left

rFire   + + .      SeeInvis +   a - +2 eveningstar (flame)
rCold   + . .      Faith    .   f - +0 kite shield
rNeg    . . .      Spirit   .   b - +1 chain mail {rPois}
rPois   +          Reflect  +   C - +2 hat
rElec   .          Harm     .   Z - scarf {rC+ rF+}
rCorr   .          Rampage  .   S - +2 pair of gloves
Will    +++..                   E - +4 barding {rF+}
Stlth   ..........              j - amulet of reflection
HPRegen 0.36/turn               d - ring "Qayn" {Will++ SInv}
MPRegen 0.16/turn               k - ring of flight

@: about to teleport, on berserk cooldown, flying, slowed, curled up, very slow
A: large, rugged brown scales 3, see invisible, deformed body, roll 1, armoured
tail, reflexive curl
}: 1/15 runes: gossamer
a: Rolling Charge, Renounce Religion, Berserk, Trog's Hand, Brothers in Arms


You were on level 4 of the Shoals.
You worshipped Trog.
Trog was extremely pleased with you.
You visited 5 branches of the dungeon, and saw 30 of its levels.
You also visited: Ossuary, Ice Cave and Volcano.

You collected 3176 gold pieces.
You spent 2059 gold pieces at shops.

Inventory:

Hand Weapons
 a - a +2 eveningstar of flaming (weapon)
 V - a +0 antimagic morningstar
Missiles
 z - 5 throwing nets
 D - 3 boomerangs of dispersal
 W - 4 javelins
 Y - 2 curare-tipped darts
Armour
 b - a +1 chain mail of poison resistance (worn)
 f - a +0 kite shield (worn)
 C - a +2 hat (worn)
 E - a +4 barding of fire resistance (worn)
 S - a +2 pair of gloves (worn)
 Z - a scarf of resistance (worn)
Jewellery
 d - the ring "Qayn" (left hand) {Will++ SInv}
   (You bought it in a shop on level 6 of the Dungeon)

   [ring of see invisible]

   SInv:      It lets you see invisible.
   Will:      It greatly increases your willpower.
 j - an amulet of reflection (around neck)
 k - a ring of flight (right hand)
 U - a ring of resist corrosion
Wands
 m - a wand of polymorph (27)
 s - a wand of mindburst (38)
 A - a wand of acid (19)
 K - a wand of flame (63)
 L - a wand of iceblast (7)
 R - a wand of digging (4)
Scrolls
 i - a scroll of summoning
 q - 7 scrolls of magic mapping
 r - 3 scrolls of fear
 t - 7 scrolls of teleportation
 u - 2 scrolls of immolation
 v - 4 scrolls of fog
 M - 2 scrolls of poison
 N - 3 scrolls of blinking
Potions
 c - 20 potions of curing
 e - 8 potions of mutation
 n - 6 potions of cancellation
 o - 7 potions of might
 p - 9 potions of attraction
 B - 2 potions of flight
 H - 3 potions of haste
 I - 3 potions of resistance
 P - 3 potions of invisibility
 T - 6 potions of ambrosia
Miscellaneous
 y - a lightning rod (4/4)
 J - a condenser vane
 O - a phial of floods (inert)


   Skills:
 - Level 14.0 Fighting
 - Level 17.3 Maces & Flails
 + Level 11.9 Armour
 - Level 14.0 Dodging
 - Level 7.0 Stealth
 + Level 11.1 Shields
 + Level 7.6 Evocations


You had 17 spell levels left.
You didn't know any spells.
Your spell library was empty.

Dungeon Overview and Level Annotations

Branches:
Dungeon (15/15)            Temple (0/1) D:5            Lair (5/5) D:8
 Shoals (4/4) Lair:2       Spider (4/4) Lair:2        Slime (0/5) Lair:5
    Orc (2/2) D:9             Elf (0/3) Orc:2        Vaults (0/5) D:13
 Depths (0/4) D:15        Ossuary (visited)           IceCv (visited)
Volcano (visited)

Altars:
Dithmenos
Elyvilon
Fedhas
Makhleb
Okawaru
Qazlal
Sif Muna
Trog
Xom
The Shining One

Shops:
D:6 =   D:9 :[(   Orc:1 =   Orc:2 [:([*   Shoals:3 (*

Annotations:
D:15 1 runed translucent door
Lair:5 1 runed translucent door
Shoals:1 1 runed translucent door, exclusion: door, componib's ghost, journeyman DsNe
Shoals:2 1 runed translucent door, gdog's ghost, adept GnDe


Innate Abilities, Weirdness & Mutations

You are completely covered in rugged brown scales. (AC +3, +7% HP)
You have supernaturally acute eyesight. (SInv)
Armour fits poorly on your strangely shaped body.
You can roll at nearby foes to attack.
You have a long armoured tail.
You curl defensively after being hit. (AC +7*)


Message History

Your two-headed ogre hits the storm dragon with a +0 giant spiked club!!!
Your two-headed ogre closely misses the storm dragon.
The storm dragon bites your two-headed ogre.
The storm dragon claws your two-headed ogre.
The storm dragon tramples your two-headed ogre.
Your two-headed ogre stumbles backwards!
Your two-headed ogre dies!
Your two-headed ogre's corpse disappears in a puff of smoke!
Unknown command.
As you read the scroll of teleportation, it crumbles to dust.
You feel strangely unstable.
Press: ? - help, v - describe, . - travel
Here: a storm dragon (severely wounded)
The floor.
Unknown command.
Unknown command.
Aiming: Polymorph
Press: ? - help, Shift-Dir - straight line, f - storm dragon
Aim: a storm dragon (severely wounded, will become a ghost moth, an ice dragon, or a black draconian, chance to affect: 8%)
Okay, then.
Unknown command.
Unknown command.
Unknown command.
Aiming: Mindburst
Press: ? - help, Shift-Dir - straight line, f - storm dragon
Aim: a storm dragon (severely wounded, chance to affect: 24%)
Okay, then.
Unknown command.
Unknown command.
Unknown command.
Aim the phial where?
Press: ? - help, Shift-Dir - straight line, f - storm dragon
Aim: a storm dragon (severely wounded)
The torrent of water hits the storm dragon.
The storm dragon is severely wounded.
The wave splashes down.
The storm dragon is engulfed in water.
You hear a shout!
You hear a screech!
You hear an angry hiss.
You hear a shout!
The storm dragon breathes lightning at you.
The bolt of lightning misses you. The bolt of lightning hits you!!!
You die...

....÷..)........8#.#.#~#~#.#.#
..~~~~~~~~#......#.~~.~~..~~~#
~~~~~~~~.~~~~~#(.#~.~#~<~..#.#
~~~~~#.#~##.~~~..#~~~..~~~...#
~~~~~~.~.~~~~~...#~#~..#~#~#~#
..~#~~~~~~.......#~~~~..~~..~#
................8#..~#~.~#..†#
######')###########~.~..~~?~~#
......P.........@##########..#
################D~# #..#
....))##~# #.(# ~~~~~...!#
#..# ######~†§.~# #..#
..m..##§)..# ..# ......≈D§..#
..# ##...D§.#.# ##..#~P..#


You could see a storm dragon (unsilenced, catching breath, waterlogged).

Vanquished Creatures
  A lich (D:15)
  Jorgrun (D:15)
  Rupert (D:15)
  Asterion (Spider:2)
  A kraken (Shoals:2)
  Polyphemus (Shoals:2)
  Gastronok (D:8)
  Ilsuiw (Shoals:2)
  2 emperor scorpions (Spider:3)
  Louise (D:15)
  4 ghost moths
  5 broodmothers
  A dire elephant (D:15)
  A spark wasp (Spider:4)
  The ghost of Xiutytse the Covert, a journeyman GnDe of Gozag (Lair:3)
  3 entropy weavers
  3 ettins
  3 merfolk javelineers
  Josephine (D:13)
  7 merfolk impalers
  6 merfolk avatars
  10 boulder beetles
  A rakshasa (D:15)
  5 vault guards (D:13)
  7 hydras
  3 ogre magi
  A centaur warrior (D:13)
  2 alligator snapping turtles
  2 catoblepae
  4 radroaches
  21 two-headed ogres
  A merfolk aquamancer (Shoals:4)
  5 death yaks
  A hell knight (Volcano)
  3 sun demons (Shoals:2)
  A skeletal warrior (D:15)
  3 sun moths
  2 pharaoh ants
  11 sea snakes
  2 deep trolls
  7 orb spiders
  3 steelbarb worms
  Pikel (D:8)
  4 orc knights
  A phantasmal warrior (D:15)
  4 deep elf pyromancers
  20 harpies
  8 fauns
  7 ugly things
  2 orc sorcerers
  21 elephants
  14 manticores
  11 merfolk sirens
  19 wolf spiders
  2 black mambas
  9 cyclopes
  2 moths of wrath (Spider:4)
  8 water nymphs
  4 torpor snails
  Joseph (D:7)
  2 ice statues (IceCv)
  2 gargoyles
  A kobold demonologist (D:12)
  2 unseen horrors
  15 cane toads
  8 rime drakes
  14 komodo dragons
  2 tengu conjurers (D:13)
  8 demonic crawlers
  10 trolls
  29 merfolk
  14 slime creatures
  18 tarantellas
  4 hornets
  13 dream sheep
  6 wind drakes
  9 snapping turtles
  6 polar bears
  A raiju (shapeshifter) (D:14)
  4 blink frogs
  21 jumping spiders
  2 air elementals (Shoals:4)
  A shadow (D:10)
  A centaur simulacrum (D:15)
  2 vampires
  26 culicivoras
  6 wraiths
  5 water elementals
  3 wyverns
  36 yaks
  4 basilisks
  2 steam dragons
  A death yak simulacrum (IceCv)
  Menkaure (D:6)
  13 vampire mosquitoes
  61 redbacks
  6 acid dragons
  12 water moccasins
  17 orc warriors
  A sky beast (D:8)
  9 black bears
  3 ice beasts
  21 ogres
  17 wolves
  5 centaurs
  4 lemures (D:8)
  5 kobold brigands
  2 elf zombies (Ossuary)
  3 gnoll sergeants
  13 bullfrogs
  3 scorpions
  A cane toad simulacrum (IceCv)
  15 wights
  9 killer bees
  An electric eel (Lair:2)
  3 howler monkeys
  2 centaur zombies (Ossuary)
  3 jellies
  12 orc priests
  3 gnoll boudas
  2 hounds
  5 iguanas
  24 orc wizards
  Natasha (thrice) (D:4)
  8 hell rats (Lair:2)
  A wolf simulacrum (IceCv)
  2 hound zombies (Ossuary)
  3 mummies (Ossuary)
  23 gnolls
  9 adders
  14 river rats (Lair:2)
  2 white imps
  An ufetubus (D:7)
  An adder zombie (Ossuary)
  3 worms
  3 dart slugs (D:1)
  58 orcs
  3 bats
  5 endoplasms
  3 giant cockroaches (D:4)
  3 gnoll zombies (Ossuary)
  7 goblins
  8 hobgoblins
  20 kobolds
  10 quokkas
  8 ball pythons
  4 frilled lizards
  4 goblin zombies (Ossuary)
  4 hobgoblin zombies (Ossuary)
  7 jackal zombies (Ossuary)
  3 kobold zombies (Ossuary)
  An orc zombie (Ossuary)
  5 quokka zombies (Ossuary)
  16 rats
  3 rat zombies (Ossuary)
  A plant (Shoals:4)
1079 creatures vanquished.

Vanquished Creatures (collateral kills)
  The ghost of Jouseb the Carver, a journeyman TrBe of Trog (D:15)
  An orc warlord (D:15)
  A merfolk impaler (Shoals:4)
  2 merfolk javelineers
  3 vault guards (D:13)
  2 hydras
  2 merfolk aquamancers (Shoals:4)
  2 death yaks (Lair:1)
  A sun demon (Shoals:2)
  A skeletal warrior (D:15)
  A necromancer (D:15)
  A cane toad (Lair:1)
  A merfolk (Shoals:3)
  A snapping turtle (Shoals:4)
  A wind drake (Shoals:3)
  A tarantella (Spider:4)
  A jumping spider (Spider:4)
  6 yaks
  A wraith (D:15)
  A water moccasin (Lair:3)
  A bullfrog (Lair:1)
  3 killer bees (D:8)
35 creatures vanquished.

Vanquished Creatures (others)
  An ugly thing (IceCv)
  An orc (Orc:2)
  40 fungi
  124 plants
  4 tentacles (Shoals:2)
170 creatures vanquished.

Grand Total: 1284 creatures vanquished

Notes
Turn   | Place    | Note
-------+----------+-------------------------------------------
     0 | D:1      | jejorda2 the Palentonga Berserker began the quest for the
                  | Orb.
     0 | D:1      | Reached XP level 1. HP: 19/19 MP: 1/1
   324 | D:1      | Reached XP level 2. HP: 25/25 MP: 2/2
   590 | D:1      | Found a faded altar of an unknown god.
   856 | D:2      | Reached XP level 3. HP: 31/31 MP: 3/3
  1134 | D:2      | Reached ** piety under Trog
  1547 | D:3      | Found the +18 Lear's hauberk
  1576 | D:3      | Reached skill level 4 in Maces & Flails
  1647 | D:3      | Found a glowing golden altar of the Shining One.
  1841 | D:3      | Reached XP level 4. HP: 37/37 MP: 4/4
  2181 | D:4      | Identified a scroll of acquirement
  2181 | D:4      | Acquired a +2 barding of fire resistance
  2191 | D:4      | Noticed Natasha
  2200 | D:4      | Killed Natasha
  2201 | D:4      | Reached XP level 5. HP: 43/44 MP: 5/5
  2231 | D:4      | Reached skill level 5 in Maces & Flails
  2266 | D:4      | Found a sand-covered staircase.
  2272 | Ossuary  | Entered an ossuary
  2425 | Ossuary  | Reached XP level 6. HP: 46/51 MP: 6/6
  2585 | Ossuary  | Reached *** piety under Trog
  2771 | Ossuary  | Reached skill level 6 in Maces & Flails
  2883 | Ossuary  | Gained mutation: You curl defensively after being hit. (AC
                  | +7*) [Palentonga growth]
  2883 | Ossuary  | Reached XP level 7. HP: 53/58 MP: 7/7
  3368 | D:4      | Noticed Natasha
  3371 | D:4      | Killed Natasha
  3401 | D:4      | Noticed Natasha
  3404 | D:4      | Killed Natasha
  3841 | D:4      | Reached skill level 5 in Fighting
  4088 | D:4      | Found an iron altar of Okawaru.
  4119 | D:5      | Entered Level 5 of the Dungeon
  4359 | D:5      | Found a staircase to the Ecumenical Temple.
  4440 | D:5      | Reached skill level 7 in Maces & Flails
  4460 | D:5      | Found a shimmering blue altar of Sif Muna.
  4491 | D:5      | Reached XP level 8. HP: 53/67 MP: 8/8
  5128 | D:5      | Reached skill level 8 in Maces & Flails
  5270 | D:6      | Found Ocuod's Jewellery Emporium.
  5282 | D:6      | Bought a ring of poison resistance for 260 gold pieces
  5323 | D:6      | Reached skill level 5 in Armour
  5334 | D:6      | Reached **** piety under Trog
  5335 | D:6      | Reached skill level 9 in Maces & Flails
  5584 | D:6      | Reached XP level 9. HP: 73/73 MP: 9/9
  6432 | D:6      | Noticed Menkaure
  6436 | D:6      | Killed Menkaure
  6437 | D:6      | Reached skill level 10 in Maces & Flails
  7257 | D:7      | Noticed Joseph
  7266 | D:7      | Killed Joseph
  7267 | D:7      | Reached skill level 11 in Maces & Flails
  7849 | D:7      | Reached skill level 12 in Maces & Flails
  7849 | D:7      | Reached XP level 10. HP: 81/81 MP: 10/10
  8434 | D:8      | Noticed Gastronok
  8447 | D:8      | Killed Gastronok
  8448 | D:8      | Reached skill level 13 in Maces & Flails
  8509 | D:8      | Found a staircase to the Lair.
  8799 | D:8      | Reached skill level 14 in Maces & Flails
  8802 | D:8      | Noticed a two-headed ogre
  8817 | D:8      | Killed a two-headed ogre
  8818 | D:8      | Reached skill level 1 in Evocations
  9128 | D:8      | Noticed Pikel
  9137 | D:8      | Killed Pikel
  9138 | D:8      | Reached XP level 11. HP: 88/88 MP: 11/11
  9333 | D:8      | Identified the +5 mace of Unpleasantness {freeze, rElec rC-
                  | Will+++ Str+4}
  9427 | D:8      | Found a white marble altar of Elyvilon.
  9609 | D:9      | Found a burning altar of Makhleb.
  9838 | D:9      | Found a blossoming altar of Fedhas.
  9923 | D:9      | Found Ycebebuw's Antique Weapon Shop.
  9988 | D:9      | Found Xiguaddi's Book Shoppe.
  9989 | D:9      | Found a staircase to the Orcish Mines.
 10153 | D:9      | Reached skill level 1 in Shields
 10223 | D:9      | Found Deupuxzuq's Antique Armour Boutique.
 10278 | D:9      | Noticed a two-headed ogre
 10287 | D:9      | Killed a two-headed ogre
 10373 | D:10     | Entered Level 10 of the Dungeon
 10411 | D:10     | Noticed a two-headed ogre
 10418 | D:10     | Killed a two-headed ogre
 11126 | Lair:1   | Entered Level 1 of the Lair of Beasts
 11165 | Lair:1   | Reached skill level 5 in Shields
 11354 | Lair:1   | Noticed a seven-headed hydra
 11370 | Lair:1   | Killed a seven-headed hydra
 11491 | Lair:1   | Reached XP level 12. HP: 89/95 MP: 12/12
 11514 | Lair:1   | Reached skill level 15 in Maces & Flails
 11753 | Lair:1   | Noticed a death yak
 11753 | Lair:1   | Noticed a death yak
 11753 | Lair:1   | Noticed a death yak
 11753 | Lair:1   | Noticed a death yak
 11780 | Lair:1   | Killed a death yak
 11781 | Lair:1   | Noticed a death yak
 11794 | Lair:1   | Killed a death yak
 11796 | Lair:1   | Killed a death yak
 11799 | Lair:1   | Killed a death yak
 11800 | Lair:1   | Reached skill level 16 in Maces & Flails
 11805 | Lair:1   | Killed a death yak
 12039 | Lair:1   | Noticed a six-headed hydra
 12048 | Lair:1   | Killed a six-headed hydra
 12153 | Lair:1   | Reached skill level 5 in Evocations
 12515 | Lair:2   | Found a staircase to the Shoals.
 12544 | Lair:2   | Reached ***** piety under Trog
 12756 | Lair:2   | Found a hole to the Spider Nest.
 12853 | Lair:2   | Identified the +9 great mace of Thoughtfulness {flame,
                  | Str+3} (Trog gifted it to you on level 2 of the Lair of
                  | Beasts)
 12853 | Lair:2   | Received a gift from Trog
 13369 | Lair:3   | Found a runed translucent gate.
 13369 | Lair:3   | Found a runed translucent gate.
 13372 | Lair:3   | Noticed Xiutytse's ghost (journeyman GnDe)
 13374 | Lair:3   | Reached skill level 5 in Dodging
 13402 | Lair:3   | Reached XP level 13. HP: 103/105 MP: 13/13
 13553 | Lair:3   | Found a runed translucent gate.
 14074 | Lair:3   | Killed Xiutytse's ghost
 14285 | Lair:4   | Found a frozen archway.
 14298 | IceCv    | Entered an ice cave
 14367 | IceCv    | Found a transporter.
 14376 | IceCv    | Found a transporter.
 14399 | IceCv    | Reached skill level 10 in Fighting
 15177 | Lair:4   | Reached skill level 17 in Maces & Flails
 15574 | Lair:5   | Entered Level 5 of the Lair of Beasts
 15596 | Lair:5   | Found a runed translucent door.
 15609 | Lair:5   | Found a dark tunnel.
 15625 | Volcano  | Entered a volcano
 15651 | Volcano  | Found a bloodstained altar of Trog.
 15885 | Lair:5   | Reached XP level 14. HP: 117/117 MP: 14/14
 15901 | Lair:5   | Found a staircase to the Slime Pits.
 17090 | Orc:1    | Entered Level 1 of the Orcish Mines
 17091 | Orc:1    | Received a gift from Trog
 17405 | Orc:1    | Found Rounnun's Jewellery Boutique.
 17490 | Orc:2    | Entered Level 2 of the Orcish Mines
 17493 | Orc:2    | Paralysed by an orc sorcerer for 2 turns
 17878 | Orc:2    | Reached skill level 10 in Shields
 17896 | Orc:2    | Found Ukhud's Weapon Boutique.
 17968 | Orc:2    | Found a staircase to the Elven Halls.
 17974 | Orc:2    | Found Fatil's General Store.
 17998 | Orc:2    | Found Xutwill's Armour Shoppe.
 18007 | Orc:2    | Found Garref's Book Shop.
 18019 | Orc:2    | Reached XP level 15. HP: 127/127 MP: 15/15
 18024 | Orc:2    | Received a gift from Trog
 18100 | Orc:2    | Found Cutten's Antique Armour Boutique.
 18486 | Orc:2    | Bought a steaming leather armour for 217 gold pieces
 18486 | Orc:2    | Identified the +2 leather armour of Duty {rElec Regen+
                  | Dex-2 Stlth+} (You bought it in a shop on level 2 of the
                  | Orcish Mines)
 18486 | Orc:2    | Bought a runed scarf for 248 gold pieces
 18486 | Orc:2    | Bought a pair of embroidered gloves for 232 gold pieces
 18959 | D:11     | Reached skill level 1 in Stealth
 19973 | D:12     | Found a bloodstained altar of Trog.
 20419 | D:13     | Noticed Josephine
 20611 | D:13     | Killed Josephine
 20800 | D:13     | Found a gate to the Vaults.
 21343 | D:14     | Found a shadowy altar of Dithmenos.
 21356 | D:14     | Reached skill level 5 in Stealth
 21359 | D:14     | Received a gift from Trog
 21939 | D:15     | Entered Level 15 of the Dungeon
 21939 | D:15     | Noticed Rupert
 21947 | D:15     | Killed Rupert
 21985 | D:15     | Noticed Jorgrun
 21994 | D:15     | Killed Jorgrun
 22004 | D:15     | Noticed Louise
 22014 | D:15     | Killed Louise
 22117 | D:15     | Reached XP level 16. HP: 62/138 MP: 16/16
 22210 | D:15     | Found a runed translucent door.
 22216 | D:15     | Noticed a lich
 22219 | D:15     | Noticed Jouseb's ghost (journeyman TrBe)
 22225 | D:15     | Found a runed translucent door.
 22746 | D:15     | Found a staircase to the Depths.
 23099 | D:15     | Killed Jouseb's ghost
 23108 | D:15     | Killed a lich
 23403 | Spider:1 | Entered Level 1 of the Spider Nest
 23563 | D:6      | Bought a ring of resist corrosion for 260 gold pieces
 24520 | Spider:2 | Reached skill level 10 in Dodging
 24738 | Spider:2 | Noticed Asterion
 24853 | Spider:2 | Killed Asterion
 26032 | Spider:3 | Identified the +4 dagger of Invincibility {holy, Str+2}
 26994 | Spider:4 | Entered Level 4 of the Spider Nest
 27045 | Spider:4 | Reached XP level 17. HP: 148/148 MP: 17/17
 28041 | Spider:4 | Received a gift from Trog
 28273 | Spider:4 | HP: 4/148 [radroach (12)]
 28455 | Spider:4 | Reached skill level 10 in Armour
 28613 | Spider:4 | Got a gossamer rune of Zot
 28720 | Spider:4 | Upgraded the game from 0.29-a0-1023-g6ae1a4a2c7 to
                  | 0.29-a0-1027-gcd8c55af63
 28896 | Shoals:1 | Entered Level 1 of the Shoals
 29286 | Shoals:1 | Found a runed translucent door.
 29286 | Shoals:1 | Found a shimmering altar of Xom.
 29286 | Shoals:1 | Noticed componib's ghost (journeyman DsNe)
 29348 | Shoals:1 | Identified the +7 war axe of Tension {venom, Fly rF- Int+3}
 29617 | Shoals:2 | Noticed gdog's ghost (adept GnDe)
 29617 | Shoals:2 | Found a runed translucent door.
 29621 | Shoals:2 | Noticed Ilsuiw
 29637 | Shoals:2 | Noticed Polyphemus
 29663 | Shoals:2 | Killed Polyphemus
 30587 | Shoals:2 | Noticed a kraken
 30602 | Shoals:2 | Killed a kraken
 30680 | Shoals:2 | Killed Ilsuiw
 30681 | Shoals:2 | Reached XP level 18. HP: 51/156 MP: 6/18
 31817 | D:9      | Bought a runed chain mail for 187 gold pieces
 31817 | D:9      | Bought a glowing chain mail for 187 gold pieces
 32128 | D:6      | Bought the ring "Qayn" {Will++ SInv} for 468 gold pieces
 32657 | Shoals:3 | HP: 6/156 [snapping turtle (7)]
 33991 | Shoals:3 | Found Sojav's Antique Weapon Emporium.
 34091 | Shoals:3 | Found Hyadap's Mayhem Merchandise.
 34103 | Shoals:3 | Found a stormy altar of Qazlal.
 34373 | Shoals:4 | Entered Level 4 of the Shoals
 34375 | Shoals:4 | Identified the +1 scale mail of Naegihuc {Stlth+}
 34468 | Shoals:4 | Paralysed by an air elemental for 1 turns
 34472 | Shoals:4 | Paralysed by an air elemental for 1 turns
 34950 | Shoals:4 | Paralysed by an air elemental for 1 turns
 34952 | Shoals:4 | Paralysed by an air elemental for 1 turns
 35229 | Shoals:4 | HP: 5/156 [storm dragon/bolt of lightning (31)]
 35233 | Shoals:4 | Killed from afar by a storm dragon

Illustrated notes

Levels and vault maps discovered:
D:1:      eino_arrival_cavern_e, layout_rooms,
          dilly_ecumenical_altar_fadedgnrine
D:2:      layout_loops_ring
D:3:      layout_basic, nicolae_overflow_crystal_walls,
          kennysheep_generic_room_8
D:4:      layout_layer_cave, kennysheep_mini, enter_ossuary_2, corexii_shack,
          hangedman_abyss_or_decor_stabs, uniq_natasha
D:5:      kennysheep_big_flooded_room, layout_basic,
          mainiacjoe_overflow_boulevard, temple_pool_b
D:6:      layout_layer_cave, serial_shops, nicolae_shop_statue_plus,
          uniq_menkaure
D:7:      layout_cave_pods, uniq_joseph
D:8:      minmay_skewed_foursquare, layout_basic,
          mainiacjoe_overflow_surrounded_room, due_lair_maze_entry_diamond,
          uniq_gastronok, uniq_pikel
D:9:      layout_rooms, mainiacjoe_overflow_large_starburst, serial_shops,
          nicolae_take_the_stairs, shop, shop, kennysheep_generic_room_7
D:10:     layout_roguey
D:11:     layout_roguey
D:12:     layout_stronghold, serial_column_ruins, column_ruins_grid_3,
          column_ruins_columns_straight, column_ruins_columns_corner,
          column_ruins_open_tiny, minmay_stone_trees_small, trog_butcher_becter
D:13:     minmay_general_purpose_star, layout_rooms, erik_vaults_2,
          uniq_josephine
D:14:     layout_irregular_city, minmay_misc_feat_tiny,
          eino_small_chamber_without_monster, nicolae_dithmenos_the_darkroom
D:15:     hangedman_depths_entry_try_elsewhere_first, layout_loops_ring,
          muffindrake_ghost_dual_entry, hellmonk_guarded_unrand_dark_maul,
          uniq_rupert, uniq_jorgrun, uniq_louise
Lair:1:   layout_cave_pods, lemuel_fruit_fields, grunt_megastairs_2
Lair:2:   lemuel_ratsnest, layout_regular_city, elwin_shoals_entry_rocks,
          spider_nest_entry_a, beast_lair_carwin_9, infiniplex_staircase_pool
Lair:3:   layout_hall_layers, gammafunk_ghost_split
Lair:4:   layout_cellular_growth, portal_ice_cave_rime
Lair:5:   gammafunk_lair_ancient_temple, layout_cellular_growth, slime_entry_2,
          nicolae_volcano_entry_lava_flow, cheibrodos_lair_lostbears
Shoals:1: layout_shoals, ebering_ghost_xom, nicolae_shoals_square_sea_wall
Shoals:2: layout_shoals, ebering_ghost_inner_flame, nicolae_shoals_sun_and_surf,
          uniq_ilsuiw, uniq_polyphemus
Shoals:3: layout_shoals, serial_shops,
          nicolae_shop_temple_entry_statues_fountains, minmay_shop_mayhem,
          lemuel_centaur_altar
Shoals:4: shoals_end_hellmonk_storm_palace [storm_palace_center_circular,
          storm_palace_corner_reverse_hut, storm_palace_corner_blocked,
          storm_palace_corner_grid, storm_palace_corner_grid], serial_shops
Spider:1: layout_spider_delve
Spider:2: layout_spider_delve, uniq_asterion
Spider:3: layout_cave_pods
Spider:4: grunt_spider_rune_parallel
Orc:1:    layout_diamond_mine, serial_shops, shop
Orc:2:    st_orc_open, layout_caves, serial_shops, shop

Skill      XL: |  1  2  3  4  5  6  7  8  9 10 11 12 13 14 15 16 17 18 |
---------------+-------------------------------------------------------+-----
Armour         | 2 3 4 5 6 7 9 11 | 11.9
Maces & Flails | 4 5 6 7 9 12 14 16 17 | 17.3
Fighting       | 4 5 6 8 10 11 12 14 | 14.0
Dodging        | 2 3 5 6 7 9 11 13 14 | 14.0
Evocations     | 2 6 7 |  7.6
Shields        | 7 10 11 | 11.1
Stealth        | 5 7 |  7.0

Action                   |  1- 3 |  4- 6 |  7- 9 | 10-12 | 13-15 | 16-18 || total
-------------------------+-------+-------+-------+-------+-------+-------++-------
Melee: Mace              |    83 |    65 |       |     2 |       |       ||   150
       Tailslap          |     9 |    26 |    32 |    98 |   182 |   216 ||   563
       Punch             |     1 |     1 |     1 |     1 |       |       ||     4
       Flail             |       |   114 |   158 |       |       |       ||   272
       Dire flail        |       |       |   117 |   140 |       |       ||   257
       Whip              |       |       |       |   359 |       |       ||   359
       Morningstar       |       |       |       |   213 |   100 |    13 ||   326
       Great mace        |       |       |       |       |   128 |       ||   128
       Eveningstar       |       |       |       |       |   795 |  1326 ||  2121
Invok: Trog's Hand       |       |     3 |       |     2 |    11 |     9 ||    25
       Berserk           |       |     4 |     8 |    12 |    22 |    32 ||    78
       Brothers in Arms  |       |       |       |     4 |     4 |     8 ||    16
 Abil: Rolling Charge    |    30 |    20 |    51 |    74 |   124 |   159 ||   458
Evoke: Phial of floods   |       |       |       |       |       |     3 ||     3
       Lightning rod     |       |       |       |       |       |     2 ||     2
       Wand              |       |       |       |       |       |     1 ||     1
  Use: Scroll            |       |     4 |    13 |     6 |     9 |    15 ||    47
       Potion            |       |     1 |       |       |       |     9 ||    10
 Stab: Distracted        |       |       |       |       |       |     1 ||     1
Armor: Animal skin       |     5 |       |       |       |       |       ||     5
       Leather armour    |    14 |       |       |       |    80 |   682 ||   776
       Ring mail         |     3 |    99 |    41 |       |       |       ||   143
       Scale mail        |       |       |    52 |    79 |       |       ||   131
       Troll leather arm |       |       |       |   149 |   253 |       ||   402
       Chain mail        |       |       |       |       |       |    95 ||    95
Dodge: Dodged            |    34 |    61 |    58 |   201 |   342 |   623 ||  1319
Block: Other             |     7 |    39 |    47 |    39 |    16 |       ||   148
       Buckler           |       |       |       |   169 |    47 |       ||   216
       Reflection        |       |       |       |     2 |    10 |    32 ||    44
       Kite shield       |       |       |       |       |   492 |  1201 ||  1693

Table legend: (Time is in decaauts)
 A = Elapsed time spent in this place.
 B = Non-inter-level travel time spent in this place.
 C = Inter-level travel time spent in this place.
 D = Time resting spent in this place.
 E = Time spent auto-exploring this place.
 F = Levels seen in this place.
 G = Mean time per level.
                   A        B        C        D        E       F      G
               +--------+--------+--------+--------+--------+-----+--------+
         Total |  35309 |  31761 |   3548 |   5588 |  20047 |  33 | 1070.0 |
       Dungeon |  15952 |  14460 |   1492 |   1447 |  10814 |  15 | 1063.5 |
          Lair |   6116 |   5047 |   1069 |    470 |   3542 |   5 | 1223.2 |
        Shoals |   5578 |   5136 |    442 |   1847 |   2242 |   4 | 1394.5 |
   Spider Nest |   5134 |   4664 |    470 |   1263 |   2328 |   4 | 1283.5 |
  Orcish Mines |   1379 |   1305 |     74 |    285 |    659 |   2 |  689.5 |
       Ossuary |    695 |    695 |      0 |    125 |    403 |   1 |  695.0 |
      Ice Cave |    208 |    208 |      0 |    115 |      0 |   1 |  208.0 |
       Volcano |    244 |    244 |      0 |     32 |     59 |   1 |  244.0 |
               +--------+--------+--------+--------+--------+-----+--------+

Top non-repeatable levels by time:
Shoals:2: 2402 daAuts
     D:6: 2170 daAuts
Spider:3: 1744 daAuts
  Lair:1: 1647 daAuts
     D:8: 1533 daAuts
Shoals:1: 1330 daAuts
  Lair:2: 1318 daAuts
  Lair:4: 1251 daAuts
     D:7: 1239 daAuts
     D:4: 1235 daAuts
    D:15: 1234 daAuts
Shoals:3: 1224 daAuts
Spider:4: 1154 daAuts
Spider:1: 1145 daAuts
     D:5: 1133 daAuts
